 Dungeon Crawl Stone Soup version 0.27.1-34-g3ba077fa99 (webtiles) character file.

Game seed: 12497967184085504032

14431 Grimler the Nimble (level 12, -3/94 (97) HPs)
             Began as a Human Wanderer on Jan 19, 2022.
             Was a High Priest of Okawaru.
             Hit by a silver javelin thrown by a minotaur (26 damage)
             ... in a Gauntlet.
             The game lasted 00:25:25 (14236 turns).

Grimler the Nimble (Human Wanderer)                Turns: 14236, Time: 00:25:25

HP:   -3/94 (97)    AC: 13    Str: 16    XL:     12   Next: 45%
MP:   18/18         EV: 18    Int: 20    God:    Okawaru [*****.]
Gold: 620           SH:  0    Dex: 18    Spells: 11/11 levels left

rFire    . . .     SeeInvis .   p - +11 arbalest "Acotsub" {elec, rPois}
rCold    . . .     Faith    .   (shield currently unavailable)
rNeg     + . .     Spirit   .   D - +2 troll leather armour
rPois    +         Reflect  .   F - +1 hat {Stlth+}
rElec    .         Harm     .   w - +1 cloak
rCorr    .         Rampage  .   d - +0 pair of gloves
Will     .....     NoTele   +   m - +2 pair of boots {Fly}
Stlth    ++++......             x - amulet of the acrobat
HPRegen  1.25/turn              n - ring of Xouvvaog {rN+ Str+3 Int+6 Dex+2}
MPRegen  0.16/turn              (no ring)

@: flying, hasted, lightly drained, very quick
A: no striking features
a: Renounce Religion, Heroism, Finesse


You were in a Gauntlet.
You worshipped Okawaru.
Okawaru was extremely pleased with you.
You visited 2 branches of the dungeon, and saw 12 of its levels.
You also visited: Sewer and Gauntlet.

You collected 735 gold pieces.
You spent 115 gold pieces at shops.

Inventory:

Hand Weapons
 p - the +11 arbalest "Acotsub" (weapon) {elec, rPois}
   (You acquired it on level 5 of the Dungeon)

   Any ammunition fired from it occasionally discharges a powerful burst of
   electricity upon striking a foe.
   rPois:     It protects you from poison.
 z - a +5 dagger
 A - the +2 long sword "Conservator" {flame, Int+2 Dex+4}
   (You found it on level 10 of the Dungeon)

   It burns those it strikes, dealing additional fire damage.
   Big, fiery blades are also staple armaments of hydra-hunters.
   Int:       It affects your intelligence (+2).
   Dex:       It affects your dexterity (+4).
 G - a +1 demon whip of draining
Missiles
 e - 82 bolts (quivered ammo)
Armour
 d - a +0 pair of gloves (worn)
 m - a +2 pair of boots of flying (worn)
 w - a +1 cloak (worn)
 D - a +2 troll leather armour (worn)
 F - a +1 hat of stealth (worn)
Jewellery
 a - a ring of wizardry
 c - a ring of flight
 h - a ring of ice
 n - the ring of Xouvvaog (left hand) {rN+ Str+3 Int+6 Dex+2}
   (You found it on level 5 of the Dungeon)

   [ring of intelligence]

   Str:       It affects your strength (+3).
   Int:       It affects your intelligence (+6).
   Dex:       It affects your dexterity (+2).
   rN:        It protects you from negative energy.
 s - a ring of magical power
 x - an amulet of the acrobat (around neck)
 y - a ring of fire
Wands
 B - a wand of digging (10)
 C - a wand of flame (40)
Scrolls
 q - 3 scrolls of enchant weapon
 r - 5 scrolls of teleportation
 u - 2 scrolls of amnesia
Potions
 b - 3 potions of haste
 f - 2 potions of brilliance {unknown}
 g - 2 potions of might
 i - 2 potions of lignification
 j - 2 potions of ambrosia {unknown}
 k - 8 potions of flight
 l - 5 potions of attraction
 o - 6 potions of curing
 t - 3 potions of resistance
 v - 2 potions of degeneration
 E - a potion of cancellation {unknown}


   Skills:
 - Level 10.2 Fighting
 - Level 0.8(1.1) Short Blades
 - Level 1.1(1.2) Long Blades
 - Level 10.1 Crossbows
 - Level 1.0 Throwing
 - Level 1.0 Armour
 - Level 10.2 Dodging
 - Level 5.1 Stealth
 - Level 1.0 Shields
 + Level 8.4 Invocations


You had 11 spell levels left.
You didn't know any spells.
Your spell library contained the following spells:

 Spells                   Type           Power      Damage    Failure   Level
 Animate Skeleton         Necr           0%         N/A       24%         1
 Apportation              Tloc           0%         N/A       24%         1
 Corona                   Hex            0%         N/A       24%         1
 Summon Small Mammal      Summ           0%         N/A       24%         1
 Call Canine Familiar     Summ           0%         N/A       56%         3
 Gell's Gravitas          Tloc           0%         N/A       56%         3
 Lesser Beckoning         Tloc           0%         N/A       56%         3
 Mephitic Cloud           Conj/Pois/Air  0%         N/A       56%         3
 Ozocubu's Armour         Ice            0%         N/A       56%         3
 Summon Guardian Golem    Hex/Summ       0%         N/A       56%         3
 Teleport Other           Tloc           0%         N/A       56%         3
 Petrify                  Tmut/Erth      0%         N/A       93%         4
 Alistair's Intoxication  Tmut/Pois      0%         N/A       100%        5
 Metabolic Englaciation   Hex/Ice        0%         N/A       100%        5
 Invisibility             Hex            0%         N/A       100%        6
 Simulacrum               Ice/Necr       0%         N/A       100%        6
 Statue Form              Tmut/Erth      0%         N/A       100%        6
 Dragon Form              Tmut           0%         N/A       100%        7


Dungeon Overview and Level Annotations

Branches:
Dungeon (11/15)            Temple (0/1) D:6            Lair (1/6) D:10
  Sewer (visited)         Gauntlet (1/1)
    Orc: D:9-12

Altars:
Makhleb
Okawaru
Sif Muna
Vehumet
Wu Jian
Yredelemnul
The Shining One

Shops:
D:6 ?

Portals:
Abyss: D:5

Annotations:
D:4 exclusion: statue
D:5 2 transporters, sankara's ghost, novice TrHu Gauntlet 4 runed translucent doors, 6 transporters


Message History

The minotaur is heavily wounded.
The minotaur closely misses you.
The minotaur gores you but does no damage.
The minotaur hits you with a +0 eveningstar!!
The minotaur gores you.
You shoot a bolt.
The bolt hits the minotaur but does no damage.
The minotaur is moderately wounded.
The minotaur hits you with a +0 eveningstar!!!
The minotaur gores you.
The minotaur throws a silver javelin.
The silver javelin pierces through you.
You are too injured to fight recklessly!
Fire: 85 bolts
Press: ? - help, Q - select action, (/) - cycle Shift-Dir - straight line, f/p - minotaur
Aim: a minotaur, wielding a +0 eveningstar, wearing a +0 plate armour, wearing a ring of willpower and quivering silver javelins (moderately wounded, 85% to hit)
You shoot a bolt. The bolt hits the minotaur!!
The minotaur is heavily wounded.
The minotaur hits you with a +0 eveningstar!
* * * LOW HITPOINT WARNING * * *
The minotaur completely misses you.
Fire: 84 bolts
Press: ? - help, Q - select action, (/) - cycle Shift-Dir - straight line, f/p - minotaur
Aim: a minotaur, wielding a +0 eveningstar, wearing a +0 plate armour, wearing a ring of willpower and quivering silver javelins (heavily wounded, 85% to hit)
You shoot a bolt. The bolt hits the minotaur!
The minotaur is severely wounded.
The minotaur barely misses you. The minotaur misses you.
Found a shiny kite shield and a large steel amulet.
You feel yourself speed up. The minotaur barely misses you.
The minotaur gores you but does no damage.
The minotaur throws a silver javelin.
The silver javelin completely misses you.
You are too injured to fight recklessly!
Fire: 83 bolts
Press: ? - help, Q - select action, (/) - cycle Shift-Dir - straight line, f/p - minotaur
Aim: a minotaur, wielding a +0 eveningstar, wearing a +0 plate armour, wearing a ring of willpower and quivering silver javelins (severely wounded, 85% to hit)
You shoot a bolt. The bolt hits the minotaur.
The minotaur is severely wounded.
The minotaur throws a silver javelin.
The silver javelin pierces through you!!
You die...

#≈..#...Y. ##..#(###+ #
### .##≈..#[#≈.. #. ...
...###..#©#≈©.
.##.###..##≈..#!#≈..
.... ...###..#.###+
..#.#....#..#.....
#######.#.#...©#..######
[8(8.8#@..#....#.∩......
...(..(.###....#........
"8[8.8#(H.#...©#..######
#######(#(#....#..#.....
#.....#(#..###§.#.#...
#8.........##§.§#/.##.
##.##.###..###..#".##.
#..... ...##≈..#§.#.©
########..###..#$.##.


You could see a minotaur.

Vanquished Creatures
  2 hydras (D:11)
  4 two-headed ogres
  Erica (D:8)
  A soul eater (Gauntlet)
  A necromancer (Gauntlet)
  2 cane toads (Lair:1)
  An unseen horror (D:10)
  2 trolls
  A wyvern (D:7)
  2 shadows
  A wraith (D:10)
  12 yaks
  Edmund (D:6)
  An acid dragon (D:10)
  7 water moccasins
  3 orc warriors
  3 black bears
  A necrophage (D:6)
  4 ogres
  4 wolves (Gauntlet)
  4 centaurs
  A phantom (D:7)
  2 kobold brigands
  5 bullfrogs
  A gnoll sergeant (D:8)
  2 scorpions
  4 wights (D:7)
  10 killer bees (D:9)
  4 howler monkeys
  A lava snake (D:9)
  2 centaur zombies
  3 hounds
  2 jellies
  3 bullfrog skeletons
  5 orc priests
  Crazy Yiuf (D:5)
  A centaur skeleton (D:4)
  10 orc wizards
  A merfolk siren (Sewer)
  A merfolk avatar (Sewer)
  A hound zombie (D:5)
  12 gnolls
  2 howler monkey skeletons
  12 adders
  3 river rats (Sewer)
  2 shadow imps (Gauntlet)
  3 adder skeletons (D:4)
  A worm (D:2)
  36 orcs
  4 endoplasms
  3 giant cockroaches
  7 hobgoblins
  8 jackals
  20 kobolds
  5 quokkas
  15 ball pythons
  A ball python zombie (D:3)
  5 bats
  6 frilled lizards
  A giant cockroach zombie (D:3)
  8 goblins
  26 rats
298 creatures vanquished.

Vanquished Creatures (others)
  20 fungi
  20 plants
40 creatures vanquished.

Grand Total: 338 creatures vanquished

Notes
Turn   | Place    | Note
-------+----------+-------------------------------------------
     0 | D:1      | Grimler the Human Wanderer began the quest for the Orb.
     0 | D:1      | Grimler set off with the following items: a +2 dagger, a
                  | potion of heal wounds, a potion of lignification, a +0 hand
                  | crossbow, 24 bolts, a +0 robe
     0 | D:1      | Reached XP level 1. HP: 19/19 MP: 1/1
   242 | D:1      | Reached skill level 1 in Long Blades
   242 | D:1      | Reached XP level 2. HP: 21/25 MP: 2/2
   726 | D:1      | Reached XP level 3. HP: 5/30 MP: 3/3
  1170 | D:1      | Found a faded altar of an unknown god.
  1682 | D:2      | Reached XP level 4. HP: 24/37 MP: 4/4
  2407 | D:2      | Reached XP level 5. HP: 37/42 MP: 5/5
  2901 | D:2      | Found an iron altar of Okawaru.
  2907 | D:2      | Became a worshipper of Warmaster Okawaru
  3729 | D:3      | Reached skill level 5 in Crossbows
  3729 | D:3      | Reached XP level 6. HP: 43/48 MP: 6/6
  4515 | D:3      | Found a basalt altar of Yredelemnul.
  5097 | D:4      | Noticed an ogre
  5326 | D:4      | Found a radiant altar of Vehumet.
  5578 | D:4      | Noticed a black bear
  5584 | D:4      | Killed a black bear
  5585 | D:4      | Reached XP level 7. HP: 54/54 MP: 7/7
  5831 | D:4      | Reached * piety under Okawaru
  5875 | D:4      | Found an ornate altar of the Wu Jian Council.
  5932 | D:4      | Found a shimmering blue altar of Sif Muna.
  6366 | D:5      | Entered Level 5 of the Dungeon
  6542 | D:5      | Reached XP level 8. HP: 60/60 MP: 8/8
  6545 | D:5      | Identified the ring of Xouvvaog {rN+ Str+3 Int+6 Dex+2}
  7284 | D:5      | Noticed sankara's ghost (novice TrHu)
  7290 | D:5      | Found a transporter.
  7566 | D:5      | Found a one-way gate to the infinite horrors of the Abyss.
  7588 | D:5      | Found a transporter.
  7638 | D:5      | Found a runed translucent door.
  7639 | D:5      | Noticed Crazy Yiuf
  7733 | D:5      | Killed Crazy Yiuf
  8028 | D:5      | Identified a scroll of acquirement
  8028 | D:5      | Acquired the +11 arbalest "Acotsub" {elec, rPois}
  8110 | D:6      | Reached skill level 10 in Crossbows
  8164 | D:6      | Found Kurghe's Magic Scroll Emporium.
  8185 | D:6      | Reached skill level 1 in Invocations
  8191 | D:6      | Bought a scroll of teleportation for 33 gold pieces
  8214 | D:6      | Reached XP level 9. HP: 65/65 MP: 8/10
  8238 | D:6      | Found a staircase to the Ecumenical Temple.
  8248 | D:6      | Reached ** piety under Okawaru
  8269 | D:6      | Got the Compendium of Venomous Shape Shifting
  8273 | D:6      | Noticed Edmund
  8278 | D:6      | Killed Edmund
  8676 | D:6      | Found a glowing drain.
  8681 | Sewer    | Entered a sewer
  8854 | Sewer    | Reached skill level 5 in Invocations
 10000 | D:7      | Reached skill level 5 in Stealth
 10143 | D:7      | Reached *** piety under Okawaru
 10380 | D:7      | Received a gift from Okawaru
 10548 | D:8      | Reached XP level 10. HP: 71/71 MP: 13/13
 10561 | D:8      | Reached skill level 5 in Dodging
 10766 | D:8      | Noticed Erica
 10769 | D:8      | Killed Erica
 10769 | D:8      | Received a gift from Okawaru
 10926 | D:8      | Reached **** piety under Okawaru
 11291 | D:9      | Found a burning altar of Makhleb.
 11298 | D:9      | Found a glowing golden altar of the Shining One.
 11304 | D:9      | Noticed a two-headed ogre
 11311 | D:9      | Killed a two-headed ogre
 11311 | D:9      | Received a gift from Okawaru
 11548 | D:9      | Reached XP level 11. HP: 68/77 MP: 14/14
 11731 | D:9      | Reached skill level 10 in Dodging
 11746 | D:9      | Reached ***** piety under Okawaru
 11889 | D:10     | Entered Level 10 of the Dungeon
 11889 | D:10     | Noticed a two-headed ogre
 11892 | D:10     | Killed a two-headed ogre
 11892 | D:10     | Received a gift from Okawaru
 11893 | D:10     | Reached skill level 5 in Fighting
 12134 | D:6      | Bought a scroll of enchant armour for 82 gold pieces
 12267 | D:10     | Identified the +2 long sword "Conservator" {flame, Int+2
                  | Dex+4}
 12385 | D:10     | Found a staircase to the Lair.
 12881 | D:10     | Noticed a two-headed ogre
 12886 | D:10     | Killed a two-headed ogre
 12886 | D:10     | Received a gift from Okawaru
 12971 | D:11     | Identified the -2 pair of gloves of Grace {rC+}
 13014 | D:11     | Noticed a two-headed ogre
 13018 | D:11     | Killed a two-headed ogre
 13074 | D:11     | Reached XP level 12. HP: 88/97 MP: 15/15
 13082 | D:11     | Noticed a four-headed hydra
 13094 | D:11     | Killed a four-headed hydra
 13095 | D:11     | Reached skill level 10 in Fighting
 13207 | D:11     | Noticed a seven-headed hydra
 13210 | D:11     | Killed a seven-headed hydra
 13682 | Lair:1   | Entered Level 1 of the Lair of Beasts
 13744 | Lair:1   | Found a gate leading to a gauntlet.
 13769 | Gauntlet | Entered a Gauntlet
 13769 | Gauntlet | Found a runed translucent door.
 13769 | Gauntlet | Found a transporter.
 13769 | Gauntlet | Found a runed translucent door.
 13769 | Gauntlet | Found a transporter.
 13779 | Gauntlet | Found a transporter.
 13782 | Gauntlet | Found a transporter.
 13790 | Gauntlet | Found a transporter.
 13793 | Gauntlet | Found a transporter.
 13795 | Gauntlet | Noticed a dire elephant
 13797 | Gauntlet | Found a runed translucent door.
 13797 | Gauntlet | Found a runed translucent door.
 13801 | Gauntlet | Found a transporter.
 13815 | Gauntlet | Noticed a catoblepas
 13819 | Gauntlet | Found a transporter.
 13825 | Gauntlet | Found a transporter.
 13827 | Gauntlet | Found a transporter.
 13831 | Gauntlet | Noticed a soul eater
 13838 | Gauntlet | Found a transporter.
 13840 | Gauntlet | Found a transporter.
 14042 | Gauntlet | Killed a soul eater
 14218 | Gauntlet | Noticed a minotaur
 14236 | Gauntlet | Hit by a silver javelin thrown by a minotaur

Illustrated notes

Levels and vault maps discovered:
D:1:      heliophobic_arrival_enchanted_forest, layout_basic,
          ebering_ecumenical_altar_box, minmay_curled_crystal
D:2:      minmay_skewed_foursquare, layout_basic, basic_altar,
          minmay_fountain_box, minmay_fractal_squares_5
D:3:      minmay_diamond_boxcup, layout_basic, lemuel_zombie_altar_yredelemnul,
          roderic_lattice_a
D:4:      black_bear_nest_2, layout_loops_ring, mainiacjoe_overflow_alcove_4,
          old_standard_altar, vehumet_statue, kennysheep_generic_room_9
D:5:      layout_basic, gammafunk_ghost_abyssal_escape,
          kennysheep_generic_room_13, uniq_crazy_yiuf_cottage
D:6:      layout_cave_pools, temple_statues, portal_sewer_entry_e, serial_shops,
          nicolae_shop_statue_plus, uniq_edmund
D:7:      layout_basic
D:8:      layout_cave_pools, kennysheep_generic_room_3, uniq_erica
D:9:      layout_loops_cross, mainiacjoe_overflow_catch_the_wave
D:10:     lemuel_flame_loot_2, layout_basic, due_lair_maze_entry_diamond,
          wad_floor_pattern_2
D:11:     layout_cave_pools
Lair:1:   layout_cave_pods, gauntlet_entry_generic
Gauntlet: minmay_gauntlet_mixed_big_or_small
          [gammafunk_gauntlet_arena_split_diamond,
          minmay_gauntlet_arena_77_cramped, gammafunk_gauntlet_arena_split_x,
          minmay_gauntlet_arena_77_museum, nicolae_gauntlet_arena_blocks,
          minmay_gauntlet_arena_77_shame_cube,
          nicolae_gauntlet_exit_dead_adventurers]

Skill      XL: |  1  2  3  4  5  6  7  8  9 10 11 12 |
---------------+-------------------------------------+-----
Long Blades    | 1 |  1.1
Crossbows      | 2 3 4 5 6 8 10 | 10.1
Invocations    | 2 5 8 |  8.4
Stealth        | 5 |  5.1
Dodging        | 4 9 10 | 10.2
Fighting       | 9 10 | 10.2
Short Blades   | |  0.8
Throwing       | |  1.0
Armour         | |  1.0
Shields        | |  1.0

Action                   |  1- 3 |  4- 6 |  7- 9 | 10-12 || total
-------------------------+-------+-------+-------+-------++-------
Melee: Dagger            |    86 |    76 |   119 |    25 ||   306
 Fire: Hand crossbow     |    22 |   155 |    95 |       ||   272
       Arbalest          |       |       |    70 |   230 ||   300
  Use: Potion            |     2 |     1 |     1 |     4 ||     8
       Scroll            |     1 |     6 |     5 |     7 ||    19
 Stab: Sleeping          |     1 |       |     3 |       ||     4
Armor: Robe              |    12 |    13 |    32 |     8 ||    65
       Skin              |    11 |       |       |       ||    11
       Troll leather arm |       |       |       |    33 ||    33
Dodge: Dodged            |    46 |    80 |   102 |   141 ||   369
